Map: Korhal Carnage Knockout LE

Players

Fropez - Winner!

  • Race: Protoss Protoss
  • League: Silver
  • Spawn Location: 9:00

Tom

  • Race: Zerg Zerg
  • League: Silver
  • Spawn Location: 3:00

VOD

Have the link to the VOD?

Description

Time

  • Played on: April 28, 2016, 7:34 p.m.
  • Length: 23:17
Show
View Real Time Build Order
Export as new Build Order

Fropez Protoss - Winner!

Build Orders:  

Get SALT Encoding   

  12  0:16  Pylon  
  12  0:20  Pylon  
  12  0:27  Probe (Chrono Boost)  
  13  0:36  Gateway  
  13  0:40  Probe (Chrono Boost)  
  14  0:50  Probe (Chrono Boost)  
  14  0:54  Pylon  
  15  1:01  Probe (Chrono Boost)  
  16  1:04  Assimilator  
  16  1:23  Cybernetics Core  
  16  1:28  Probe (Chrono Boost), Assimilator  
  17  1:40  Pylon  
  17  1:41  Probe (Chrono Boost)  
  18  1:51  Probe (Chrono Boost)  
  19  2:01  Warp Gate (Chrono Boost)  
  19  2:12  Mothership Core  
  21  2:20  Gateway  
  21  2:35  Pylon  
  21  2:40  Probe  
  22  2:48  Adept  
  24  2:52  Probe  
  25  3:01  Robotics Facility  
  25  3:04  Probe  
  26  3:08  Adept  
  28  3:16  Probe  
  29  3:28  Probe  
  30  3:44  Probe  
  31  3:51  Immortal (Chrono Boost)  
  35  3:56  Probe  
  36  4:04  Pylon  
  36  4:08  Probe  
  37  4:20  Pylon  
  37  4:21  Probe  
  38  4:27  Immortal (Chrono Boost)  
  40  4:45  Gateway  
  40  4:47  Probe  
  41  4:55  Twilight Council  
  41  4:59  Probe  
  42  5:10  Immortal (Chrono Boost)  
  42  5:12  Probe  
  42  5:13  Adept x2  
  51  5:24  Probe  
  52  5:36  Probe  
  53  5:48  Nexus, Probe  
  54  5:53  Pylon  
  54  5:54  Pylon  
  54  5:58  Charge  
  54  6:01  Probe  
  55  6:13  Probe  
  55  6:14  Pylon  
  55  6:16  Assimilator  
  55  6:18  Gateway  
  56  6:25  Probe  
  57  6:26  Pylon  
  57  6:37  Probe  
  58  6:49  Probe  
  58  6:50  Immortal (Chrono Boost)  
  63  7:01  Probe  
  63  7:05  Forge  
  64  7:13  Probe  
  65  7:25  Probe  
  65  7:26  Adept x4  
  72  7:47  Zealot x3  
  72  7:48  Zealot  
  72  7:49  Probe  
  79  7:59  Protoss Ground Weapons Level 1 (Chrono Boost)  
  79  8:06  Probe  
  80  8:17  Probe  
  81  8:25  Assimilator  
  80  8:37  Zealot x2  
  80  8:38  Zealot x2  
  80  8:53  Probe x2  
  82  9:06  Probe  
  82  9:07  Probe  
  84  9:19  Probe x2  
  86  9:28  Nexus  
  84  9:31  Assimilator  
  84  9:35  Assimilator  
  84  9:37  Probe  
  84  9:38  Pylon, Probe  
  78  9:39  Immortal  
  78  9:42  Pylon  
  78  9:43  Pylon  
  82  9:49  Pylon  
  82  9:53  Probe, Robotics Facility  
  82  9:54  Probe, Protoss Ground Weapons Level 2 (Chrono Boost)  
  84  10:08  Photon Cannon  
  84  10:10  Photon Cannon  
  84  10:13  Photon Cannon  
  84  10:16  Probe  
  84  10:17  Probe  
  86  10:40  Photon Cannon  
  86  10:43  Photon Cannon  
  86  10:53  Pylon  
  86  10:54  Probe x2  
  86  10:55  Probe  
  88  10:59  Photon Cannon  
  88  11:00  Observer, Immortal  
  90  11:11  Probe  
  95  11:12  Probe  
  95  11:22  Pylon, Zealot x4  
  101  11:27  Probe  
  101  11:28  Probe  
  101  11:30  Immortal  
  105  11:52  Zealot  
  105  11:53  Zealot x3  
  95  12:00  Probe  
  96  12:01  Probe  
  96  12:02  Probe  
  98  12:13  Nexus  
  98  12:16  Assimilator  
  98  12:21  Assimilator  
  98  12:26  Pylon  
  98  12:30  Probe  
  98  12:31  Probe x2  
  101  12:38  Zealot x4  
  101  12:41  Immortal  
  113  12:51  Immortal  
  117  12:59  Pylon, Protoss Ground Weapons Level 3 (Chrono Boost)  
  117  13:02  Probe  
  117  13:03  Forge  
  118  13:08  Pylon  
  118  13:16  Immortal  
  122  13:28  Zealot  
  122  13:29  Zealot x3  
  122  13:31  Immortal  
  122  13:33  Pylon  
  134  13:36  Pylon  
  134  13:38  Pylon  
  134  13:47  Pylon  
  134  13:53  Pylon  
  134  13:57  Immortal  
  134  14:02  Pylon  
  138  14:03  Protoss Ground Armor Level 1 (Chrono Boost)  
  138  14:10  Immortal  
  138  14:16  Pylon, Dark Shrine  
  141  14:18  Pylon  
  141  14:19  Pylon  
  141  14:24  Zealot x4  
  116  15:03  Zealot  
  116  15:04  Zealot x3  
  116  15:05  Photon Cannon  
  124  15:09  Photon Cannon  
  124  15:11  Immortal  
  128  15:22  Protoss Shields Level 1 (Chrono Boost), Photon Cannon  
  128  15:25  Photon Cannon  
  128  15:39  Dark Templar  
  128  15:40  Dark Templar x3  
  136  15:49  Gateway  
  136  15:50  Observer  
  136  15:52  Gateway  
  136  15:56  Gateway  
  137  16:00  Gateway  
  137  16:02  Gateway  
  137  16:07  Protoss Ground Armor Level 2 (Chrono Boost)  
  137  16:08  Photon Cannon  
  137  16:12  Pylon x2, Dark Templar x3  
  137  16:13  Dark Templar  
  145  16:19  Pylon  
  145  16:22  Pylon  
  145  16:28  Observer  
  146  16:49  Observer  
  147  16:58  Robotics Bay  
  147  17:01  Probe  
  147  17:02  Probe x2  
  147  17:03  Templar Archives  
  147  17:05  Gateway  
  150  17:10  Gateway  
  150  17:11  Pylon, Dark Templar x5  
  150  17:12  Dark Templar x4  
  168  17:19  Observer  
  169  17:24  Observer  
  163  17:41  Archon x3  
  163  17:43  Archon x5  
  164  17:50  Stalker x3  
  164  17:51  Stalker x6  
  182  18:09  Probe x2  
  182  18:10  Probe x2  
  185  18:16  Extended Thermal Lance  
  185  18:17  Stalker  
  185  18:18  Stalker x5  
  185  18:19  Probe, Stalker  
  191  18:20  Probe  
  191  18:22  Probe x2  
  190  18:42  High Templar x5  
  190  18:46  Archon x2  
  200  18:55  Pylon  
  200  18:58  Pylon  
  200  18:59  Observer  
  200  19:02  Stalker  
  195  20:03  Pylon  
  195  20:06  Pylon  
  194  20:10  High Templar x3  
  200  20:15  Archon x2  
  200  20:18  Blink (Chrono Boost)  
  200  20:20  Protoss Ground Armor Level 3 (Chrono Boost), Protoss Shields Level 2 (Chrono Boost)  
  195  20:28  Stalker x2  
  195  20:29  Stalker  
  195  20:33  Stalker  
  195  20:34  Stalker  
  199  20:38  Stalker  
  199  20:41  Stalker x2  
  200  20:44  Stalker  
  200  20:49  Stalker  
  200  20:51  Stalker  
  200  20:53  Stalker  
  133  22:12  Stalker x4  
  133  22:13  Stalker x6  
  133  22:14  Stalker  
Show
View Real Time Build Order
Export as new Build Order

Tom Zerg 

Build Orders: Hatch First 

Get SALT Encoding   

  12  0:02  Drone  
  13  0:13  Drone  
  14  0:18  Overlord  
  14  0:37  Drone  
  14  0:38  Drone x2  
  17  0:57  Hatchery  
  17  1:02  Drone x2  
  18  1:14  Extractor  
  18  1:15  Drone  
  18  1:25  Spawning Pool  
  17  1:27  Drone  
  18  1:38  Drone  
  19  1:52  Drone  
  20  1:54  Overlord  
  20  2:11  Drone  
  20  2:14  Queen  
  23  2:16  Queen  
  23  2:19  Metabolic Boost  
  23  2:21  Drone x2  
  23  2:22  Drone  
  28  2:27  Drone  
  29  2:35  Roach Warren  
  28  2:40  Extractor  
  27  2:50  Overlord x2  
  27  3:03  Zergling x8  
  31  3:11  Drone  
  31  3:12  Drone  
  33  3:17  Lair  
  33  3:27  Drone x4  
  37  3:51  Roach x6  
  47  4:23  Spore Crawler  
  46  4:25  Spore Crawler  
  46  4:29  Glial Reconstitution  
  45  4:33  Roach x3  
  50  5:11  Drone, Hydralisk Den  
  50  5:12  Drone  
  51  5:14  Overlord x3  
  51  5:15  Overlord  
  51  5:28  Hatchery  
  50  5:41  Hydralisk x6  
  50  5:42  Hydralisk x2  
  66  6:02  Muscular Augments  
  66  6:12  Drone x5  
  66  6:13  Drone x3  
  66  6:17  Extractor  
  73  6:19  Extractor  
  72  6:30  Overseer  
  72  6:35  Drone  
  72  6:36  Drone x5  
  72  6:37  Drone  
  79  6:45  Infestation Pit  
  78  6:47  Evolution Chamber  
  77  7:19  Zergling x12  
  77  7:20  Zergling x12  
  85  7:53  Drone x4  
  85  7:55  Overlord x4  
  85  7:56  Overlord  
  89  8:19  Hive  
  60  9:01  Queen  
  60  9:02  Hydralisk x3  
  62  9:03  Hydralisk x6  
  62  9:04  Hydralisk x4  
  88  9:17  Zerg Missile Weapons Level 1  
  88  9:23  Drone x3  
  88  9:24  Drone  
  92  9:25  Drone x4  
  92  9:26  Drone  
  91  10:17  Evolution Chamber  
  91  10:18  Evolution Chamber, Ultralisk Cavern  
  88  10:27  Roach x4  
  88  10:28  Hydralisk x3, Roach x5  
  106  10:29  Hydralisk x3  
  106  10:32  Overlord x2  
  106  10:33  Overlord  
  118  10:38  Extractor  
  118  10:39  Extractor  
  116  10:59  Zerg Melee Weapons Level 1, Zerg Ground Armor Level 1  
  116  11:09  Chitinous Plating  
  74  12:18  Drone x4  
  74  12:19  Drone x5  
  74  12:21  Ultralisk x3  
  101  12:24  Zergling x8  
  101  12:25  Zergling x12  
  101  12:26  Zergling x12  
  101  12:27  Zergling x10  
  101  12:28  Zergling x6  
  125  12:56  Hydralisk x2  
  125  12:57  Hydralisk x6  
  125  12:58  Hydralisk x2  
  141  13:04  Zerg Ground Armor Level 2  
  145  13:11  Overlord  
  145  13:12  Overlord x7  
  145  13:38  Zergling x4  
  145  13:39  Zergling x8  
  151  13:47  Overseer  
  151  13:50  Overseer  
  151  13:54  Pneumatized Carapace  
  144  14:39  Adrenal Glands  
  134  15:20  Spire  
  133  15:48  Zerg Ground Armor Level 3  
  133  15:49  Zerg Melee Weapons Level 2  
  133  15:50  Zerg Missile Weapons Level 2  
  133  16:33  Mutalisk x2  
  133  16:34  Mutalisk x6  
  133  16:35  Mutalisk x7  
  133  16:36  Mutalisk x3  
  169  16:46  Zerg Flyer Armor Level 1  
  165  18:29  Ultralisk x4  
  165  18:30  Ultralisk  
  165  18:33  Zergling x8  
  165  18:34  Zergling x6  
  188  20:00  Ultralisk  
  188  20:04  Hydralisk x2  
  184  21:44  Ultralisk  
  184  21:45  Ultralisk x5  
  184  21:46  Ultralisk x3  
  193  21:47  Zergling x6  
  193  21:48  Zergling x12  
  193  21:49  Zergling x10  
  193  21:50  Zergling x14  
  193  21:51  Zergling x10  
  193  21:52  Zergling x12  
  193  21:53  Zergling x8  
  92  22:43  Zergling x10  
  92  22:44  Zergling x14  
Tags
 
Add a new tag
Caveats
  • Supply blocks, unpowered buildings, or Contaminate may cause inaccurate times.
  • Supply counts are checked every 10 seconds.